 Dungeon Crawl Stone Soup version 0.31-a0-348-g810772c3d7 (webtiles) character file.

Game seed: 15119658513560895797

351 Bnni the Ruffian (level 6, -2/41 HPs)
             Began as an Octopode Shapeshifter on July 23, 2023.
             Slain by a gnoll
             ... wielding a +0 spear
             ... led by a gnoll bouda
              (6 damage)
             ... on level 4 of the Dungeon.
             The game lasted 00:04:00 (2719 turns).

Bnni the Ruffian (Octopode Shapeshifter)            Turns: 2719, Time: 00:04:00

Health: -2/41      AC:  1    Str: 15    XL:     6   Next: 61%
Magic:  6/6        EV: 13    Int: 10    God:
Gold:   167        SH:  5    Dex: 14    Spells: 5/5 levels left

rFire   . .          .
                       - Unarmed
rCold   . . .        (no shield)
rNeg    . . .        (helmet currently unavailable)
rPois   .            i - amulet of reflection
rElec   .            (no ring)
rCorr   .            (no ring)
SInv    .            (no ring)
Will    .....        (no ring)
Stlth   ++           (no ring)
HPRegen 0.26/turn    (no ring)
MPRegen 0.10/turn    (no ring)
                     (no ring)

%: reflection
@: beast-form, weakened
A: beast (slay +3), almost no armour, amphibious, 8 rings, camouflage 1,
gelatinous body 1, (nimble swimmer 1), tentacles
a: Begin Untransformation


You were on level 4 of the Dungeon.
You were a hulking beast.
You visited 1 branch of the dungeon, and saw 4 of its levels.

You collected 167 gold pieces.

Inventory:

Jewellery
 i - an amulet of reflection (around mantle)
Talismans
 b - a beast talisman
Scrolls
 a - a scroll of enchant armour {unknown}
 c - a scroll of enchant weapon {unknown}
 e - a scroll of fear
 f - a scroll of amnesia {unknown}
 j - 4 scrolls of teleportation {unknown}
 l - 2 scrolls of immolation {unknown}
Potions
 d - a potion of magic
 g - a potion of brilliance
 k - 2 potions of haste
 m - a potion of might {unknown}
 n - a potion of curing {unknown}


   Skills:
 + Level 2.9 Fighting
 - Level 2.0 Dodging
 * Level 5.1 Unarmed Combat
 * Level 4.5 Shapeshifting


You had 5 spell levels left.
You didn't know any spells.
Your spell library contained the following spells:

 Spells                   Type           Power      Damage    Failure   Level
 Apportation              Tloc           0%         N/A       36%         1
 Necrotise                Necr           0%         1d4       36%         1
 Shock                    Conj/Air       0%         1d3       36%         1
 Summon Small Mammal      Summ           0%         N/A       36%         1
 Lesser Beckoning         Tloc           0%         N/A       50%         2
 Gell's Gravitas          Tloc           0%         N/A       75%         3
 Ozocubu's Armour         Ice            0%         N/A       75%         3
 Swiftness                Air            0%         N/A       75%         3
 Teleport Other           Tloc           0%         N/A       75%         3
 Airstrike                Air            0%         2d(0-16)  98%         4
 Ozocubu's Refrigeration  Ice            0%         4d7       100%        7


Dungeon Overview and Level Annotations

Branches:
Dungeon (4/15)
 Temple: D:4-7

Altars:
Yredelemnul

Annotations:
D:4 1 runed translucent door, Crazy Yiuf


Innate Abilities, Weirdness & Mutations

You are a hulking beast.
Your limbs bulge with bestial killing power. (Slay +3)
You cannot wear most types of armour.
You are amphibious.
You can wear up to eight rings at the same time.
Your skin changes colour to match your surroundings (Stealth+).
Your rubbery body absorbs attacks. (AC +1, EV +1)
((You are camouflaged when in or above water. (Stealth+)))
You have tentacles for arms and can constrict up to eight enemies at once.


Message History

The gnoll hits you from afar with a +0 spear.
You tentacle-slap the gnoll. You grab the gnoll.
The gnoll is severely wounded.
You constrict the gnoll.
The gnoll hits you from afar with a +0 spear!
* * * LOW HITPOINT WARNING * * *
The gnoll misses you. The gnoll hits you with a +0 club.
* * * LOW HITPOINT WARNING * * *
You feel much better.
You constrict the gnoll. The gnoll hits you with a +0 club.
You block the gnoll's attack.
The gnoll bouda barks out a call to the hunt!
The gnolls pick up the pace!
The gnoll hits you from afar with a +0 spear.
You tentacle-slap the gnoll.
You kill the gnoll!
You block the gnoll's attack. The gnoll closely misses you.
You tentacle-slap the gnoll bouda. Your grab misses the gnoll bouda.
The gnoll bouda is moderately wounded.
You block the gnoll's attack. The gnoll closely misses you.
The gnoll bouda hits you with a +0 whip!
* * * LOW HITPOINT WARNING * * *
You tentacle-slap the gnoll bouda. You grab the gnoll bouda.
The gnoll bouda is moderately wounded.
You constrict the gnoll bouda.
The gnoll hits you from afar with a +0 spear.
* * * LOW HITPOINT WARNING * * *
You block the gnoll's attack.
You release your grip on the gnoll bouda.
The gnoll bouda gazes fiercely through you!
You feel as though you will be weak longer.
You tentacle-slap the gnoll bouda but do no damage.
You grab the gnoll bouda. You squeeze the gnoll bouda.
The gnoll bouda is heavily wounded.
You constrict the gnoll bouda.
The gnoll bouda struggles to escape constriction.
You tentacle-slap the gnoll bouda.
The gnoll bouda is severely wounded.
You constrict the gnoll bouda.
The gnoll hits you from afar with a +0 spear.
You die...

.+......># .#.......#
.#.......#
##.......###########
####'#.............#
#.)..#.............#
#....#...........).#
#....#.............#
###..#..........hgg#####...
###..##....†#######g.......
......#.....# #........
......#.....# #........
......'.....# +.>......
#######.....# #........
........>#+## .......##
.........# .......#
.........# .......#


You could see a gnoll bouda and 2 gnolls.

Vanquished Creatures
  A human (D:3)
  2 human skeletons (D:3)
  2 orc wizards (D:4)
  2 gnolls
  2 worms
  2 dart slugs
  4 orcs
  4 ball pythons
  4 bats
  6 endoplasms
  12 giant cockroaches
  6 goblins
  6 hobgoblins (D:1)
  7 jackals
  3 quokkas
  4 frilled lizards
  7 kobolds
  2 rats
76 creatures vanquished.

Notes
Turn   | Place    | Note
-------+----------+-------------------------------------------
     0 | D:1      | Bnni the Octopode Shapeshifter began the quest for the Orb.
     0 | D:1      | Reached XP level 1. HP: 13/13 MP: 1/1
   109 | D:1      | Reached XP level 2. HP: 5/18 MP: 2/2
   405 | D:1      | Reached XP level 3. HP: 18/23 MP: 3/3
   891 | D:2      | You fall into a shaft and drop 1 floor!
  1208 | D:2      | Reached XP level 4. HP: 29/29 MP: 4/4
  1752 | D:3      | Found a runed translucent door.
  1752 | D:3      | Noticed a human
  1758 | D:3      | Reached skill level 4 in Unarmed Combat
  1806 | D:3      | Found a basalt altar of Yredelemnul.
  1817 | D:3      | Reached XP level 5. HP: 17/34 MP: 5/5
  1893 | D:3      | Killed a human
  1894 | D:3      | Reached XP level 6. HP: 28/41 MP: 6/6
  2460 | D:4      | Reached skill level 5 in Unarmed Combat
  2599 | D:4      | Found a runed translucent door.
  2600 | D:4      | Noticed Crazy Yiuf
  2711 | D:4      | HP: 2/41 [gnoll/+0 club[a gnoll bouda] (5)]
  2719 | D:4      | Slain by a gnoll

Illustrated notes

Levels and vault maps discovered:
D:1:      wheals_arrival_linesprint, layout_basic, minmay_misc_feat_ornament
D:2:      minmay_roachtagon, layout_rooms, minmay_pentomino_r4
D:3:      layout_loops_ring, dk_yredelemnul_ordeal
D:4:      layout_gridville, serial_shops, kennysheep_mini, uniq_blork_the_orc,
          uniq_eustachio, uniq_crazy_yiuf_cottage

Skill      XL: |  1  2  3  4  5  6 |
---------------+-------------------+-----
Fighting       | 2 |  2.9
Unarmed Combat | 4 5 |  5.1
Shapeshifting  | 4 |  4.5
Dodging        | |  2.0

Action                     |  1- 3 |  4- 6 || total
---------------------------+-------+-------++-------
  Melee: Unarmed           |    69 |    92 ||   161
         Constrict         |    20 |    23 ||    43
         Tentacles         |     8 |    16 ||    24
         Punch             |       |     3 ||     3
    Use: Scroll            |       |     6 ||     6
         Potion            |       |     2 ||     2
   Stab: Sleeping          |     5 |     6 ||    11
         Distracted        |       |     1 ||     1
 Armour: Skin              |     1 |    30 ||    31
  Dodge: Dodged            |    29 |    36 ||    65
  Block: Other             |       |    11 ||    11

Table legend: (Time is in decaauts)
 A = Elapsed time spent in this place.
 B = Non-inter-level travel time spent in this place.
 C = Inter-level travel time spent in this place.
 D = Time resting spent in this place.
 E = Time spent auto-exploring this place.
 F = Levels seen in this place.
 G = Mean time per level.
                   A        B        C        D        E       F      G
               +--------+--------+--------+--------+--------+-----+--------+
         Total |   2705 |   2642 |     63 |    260 |   1893 |   4 |  676.2 |
       Dungeon |   2705 |   2642 |     63 |    260 |   1893 |   4 |  676.2 |
               +--------+--------+--------+--------+--------+-----+--------+

Top non-repeatable levels by time:
     D:3: 917 daAuts
     D:1: 884 daAuts
     D:2: 605 daAuts
     D:4: 296 daAuts
